Map: Tourmaline LE

Players

Nightrise - Winner!

  • Race: Protoss Protoss
  • League: Master
  • Spawn Location: 7:00

SCIInewby

  • Race: Protoss Protoss
  • League: Master
  • Spawn Location: 1:00

VOD

Have the link to the VOD?

Description

Time

  • Played on: Feb. 6, 2026, 11:59 a.m.
  • Length: 2:26
Show
View Real Time Build Order
Export as new Build Order

Nightrise Protoss - Winner!

Build Orders: Cannon Rush 

Get SALT Encoding   

  1  0:00  Probe  
  13  0:08  Probe  
  14  0:17  Pylon  
  14  0:21  Probe  
  15  0:35  Probe  
  16  0:43  Forge  
  16  0:48  Probe  
  17  0:58  Pylon  
  17  1:19  Photon Cannon  
  17  1:40  Photon Cannon  
  17  1:41  Photon Cannon  
  17  1:43  Pylon  
  17  2:00  Probe  
  17  2:03  Gateway  
  17  2:07  Assimilator  
  17  2:08  Probe  
  18  2:11  Assimilator  
  18  2:14  Photon Cannon  
Show
View Real Time Build Order
Export as new Build Order

SCIInewby Protoss 

Build Orders:  

Get SALT Encoding   

  12  0:00  Probe  
  13  0:16  Pylon  
  13  0:22  Probe  
  14  0:34  Probe  
  15  0:38  Forge  
  15  0:46  Probe  
  16  0:55  Gateway  
  16  1:02  Assimilator  
  16  1:17  Pylon  
  16  1:24  Pylon  
  16  1:28  Probe  
  17  1:40  Probe  
  17  1:43  Cybernetics Core  
  18  1:52  Probe  
  19  2:02  Gateway  
  19  2:04  Gateway  
  19  2:10  Photon Cannon  
Tags
 
Matchup
PvP
Replay Pack
Multiplayer
Spawn Locations
Cross Positions
Add a new tag
Caveats
  • Supply blocks, unpowered buildings, or Contaminate may cause inaccurate times.
  • Supply counts are checked every 10 seconds.